 Dungeon Crawl Stone Soup version 0.25.0-15-gac7dcb8919 (webtiles) character file.

Game seed: 5261030833064861968

231 Patate the Skirmisher (level 6, 0/41 HPs)
             Began as a Gargoyle Berserker on June 28, 2020.
             Was a Believer of Trog.
             Killed by divine providence
             ... invoked by an orc priest
              (14 damage)
             ... on level 3 of the Dungeon.
             The game lasted 00:03:20 (2099 turns).

Patate the Skirmisher (Gargoyle Berserker)          Turns: 2099, Time: 00:03:21

Health: 0/41       AC: 10    Str: 23    XL:     6   Next: 3%
Magic:  6/6        EV: 10    Int:  7    God:    Trog [**....]
Gold:   94         SH:  0    Dex:  9    Spells: 5/5 levels left

rFire    . . .     SeeInvis .   h - +4 whip
rCold    . . .     Gourm    .   (no shield)
rNeg     + . .     Faith    .   f - +0 scale mail
rPois    ∞         Spirit   .   (no helmet)
rElec    +         Reflect  .   (no cloak)
rCorr    .         Harm     .   (no gloves)
MR       .....                  (no boots)
Stlth    ..........             (no amulet)
HPRegen  0.13/turn              (no ring)
MPRegen  0.10/turn              (no ring)

@: no status effects
A: negative energy resistance 1, electricity resistance, unbreathing,
petrification resistance, rot immunity, AC +4
a: Berserk, Trog's Hand, Renounce Religion


You were on level 3 of the Dungeon.
You worshipped Trog.
Trog was pleased with you.
You were not hungry.

You visited 1 branch of the dungeon, and saw 3 of its levels.

You collected 94 gold pieces.

Inventory:

Hand Weapons
 h - a +4 whip (weapon)
Armour
 f - a +0 scale mail (worn)
Scrolls
 e - a scroll of fog
Potions
 a - 2 potions of berserk rage {unknown}
 d - 3 potions of brilliance {unknown}
 g - a potion of magic {unknown}
Comestibles
 b - 11 chunks of flesh
 c - a ration


   Skills:
 * Level 6.2 Fighting
 + Level 4.4 Maces & Flails
 - Level 2.1 Armour
 - Level 1.5 Dodging


You had 5 spell levels left.
You didn't know any spells.
Your spell library was empty.

Dungeon Overview and Level Annotations

Branches:
Dungeon (3/15)

Altars:
Okawaru


Innate Abilities, Weirdness & Mutations

You are resistant to torment.
Your stone body is resilient. (AC +4)
You are immune to poison.
You resist negative energy. (rN+)
You are resistant to electric shocks. (rElec)
You can survive without breathing.
You are immune to petrification.
You are immune to rotting.


Message History

Increase (S)trength, (I)ntelligence, or (D)exterity?
You feel stronger. The leopard gecko barely misses you.
The orc priest invokes the aid of Beogh against you.
Pain shoots through your body!
You hit the leopard gecko.
The leopard gecko is severely wounded.
The leopard gecko bites you but does no damage.
The orc priest mumbles some strange prayers to Beogh against you.
Beogh smites you!
The leopard gecko bites you but does no damage.
You closely miss the leopard gecko.
The leopard gecko is severely wounded.
The leopard gecko bites you but does no damage.
You hit the leopard gecko.
You kill the leopard gecko!
Trog accepts your kill.
The orc priest invokes the aid of Beogh against you.
Beogh smites you!
You die...

#....)# .....#
#.....# ....#
#$....#
.o.###.....#
o.#.......# #
#.#.#.....# ..
#.#.#.....# #.#
#.o)#.....#
#[..####..)@)[...#
##.........########
..........##
###.......###
#......#...#
...#######))# ..
#))# . #..# ##.#


You could see an orc priest.

Vanquished Creatures
  A hound (D:3)
  An orc priest (D:3)
  Natasha (twice) (D:2)
  An orc wizard (D:3)
  2 adders (D:2)
  An ooze (D:2)
  A worm (D:2)
  3 dart slugs
  A leopard gecko (D:3)
  5 orcs (D:3)
  4 bats
  3 giant cockroaches (D:1)
  6 goblins
  7 hobgoblins
  7 frilled lizards
  3 kobolds
  7 rats
55 creatures vanquished.

Vanquished Creatures (others)
  An orc wizard (D:3)
1 creature vanquished.

Grand Total: 56 creatures vanquished

Notes
Turn   | Place    | Note
-------+----------+-------------------------------------------
     0 | D:1      | Patate the Gargoyle Berserker began the quest for the Orb.
     0 | D:1      | Reached XP level 1. HP: 14/14 MP: 1/1
   389 | D:1      | Reached XP level 2. HP: 18/20 MP: 2/2
   538 | D:1      | Reached skill level 4 in Fighting
   852 | D:1      | Reached XP level 3. HP: 24/24 MP: 3/3
  1205 | D:2      | Reached ** piety under Trog
  1255 | D:2      | Noticed Natasha
  1260 | D:2      | Killed Natasha
  1260 | D:2      | Reached XP level 4. HP: 25/30 MP: 4/4
  1526 | D:2      | Noticed Natasha
  1536 | D:2      | Killed Natasha
  1536 | D:2      | Reached skill level 5 in Fighting
  1700 | D:2      | Found a faded altar of an unknown god.
  1764 | D:2      | Found an iron altar of Okawaru.
  1861 | D:2      | Reached XP level 5. HP: 35/35 MP: 5/5
  2086 | D:3      | Reached skill level 6 in Fighting
  2096 | D:3      | Reached XP level 6. HP: 32/41 MP: 6/6
  2099 | D:3      | Killed from afar by an orc priest

Illustrated notes

Levels and vault maps discovered:
D:1:      saegor_arrival_simple_c, layout_loops_ring
D:2:      minmay_evil_eye, layout_loops_ring, okawaru_gym_becter,
          chequers_ecumenical_altar_simple_redux, uniq_natasha
D:3:      layout_rooms, grunt_ministairs_4

Skill      XL: |  1  2  3  4  5 |
---------------+----------------+-----
Fighting       | 4 5 6 |  6.2
Maces & Flails | 4 |  4.4
Armour         | |  2.1
Dodging        | |  1.5

Action                   |  1- 3 |  4- 6 || total
-------------------------+-------+-------++-------
Melee: Mace              |    65 |       ||    65
       Whip              |    20 |   111 ||   131
Invok: Trog's Hand       |       |     1 ||     1
  Use: Scroll            |     3 |     2 ||     5
  Eat: Chunk             |     1 |     3 ||     4
Armor: Animal skin       |    10 |       ||    10
       Scale mail        |    27 |    61 ||    88
Dodge: Dodged            |    37 |    58 ||    95
